 Dungeon Crawl Stone Soup version 0.22-a0-603-gfc1114d (webtiles) character file.

70 chorionicmirror the Shield-Bearer (level 4, 0/35 HPs)
             Began as a Formicid Fighter on July 7, 2018.
             Killed from afar by Natasha (5 damage)
             ... with a magic dart
             ... on level 2 of the Dungeon.
             The game lasted 00:05:43 (871 turns).

chorionicmirror the Shield-Bearer (Formicid Fighter) Turns: 871, Time: 00:05:44

Health: 0/35       AC:  9    Str: 21    XL:     4   Next: 44%
Magic:  4/4        EV:  8    Int:  8    God:
Gold:   70         SH: 10    Dex: 12    Spells: 3/3 levels left

rFire    . . .     SeeInvis +   a - +1 war axe
rCold    . . .     Gourm    .   c - +0 shield
rNeg     . . .     Faith    .   b - +0 scale mail
rPois    .         Spirit   .   (helmet unavailable)
rElec    .         Reflect  .   (no cloak)
rCorr    .         Harm     .   (no gloves)
MR       .....                  n - +1 pair of boots
Stlth    ..........             h - amulet of inaccuracy (curse)
HPRegen  0.11/turn              i - +2 ring of dexterity
MPRegen  0.09/turn              (no ring)

@: no status effects
A: permanent stasis, dig shafts and tunnels, four strong arms, antennae 3
a: Dig, Shaft Self


You were on level 2 of the Dungeon.
You were not hungry.

You visited 1 branch of the dungeon, and saw 2 of its levels.

You collected 70 gold pieces.

Inventory:

Hand Weapons
 a - a +1 war axe (weapon)
Missiles
 e - 11 tomahawks (quivered)
Armour
 b - a +0 scale mail (worn)
 c - a +0 shield (worn)
 j - a +0 large shield
 n - a +1 pair of boots (worn)
Jewellery
 h - a cursed amulet of inaccuracy (around neck)
 i - a +2 ring of dexterity (left hand)
Wands
 l - a wand of enslavement (18)
Scrolls
 k - a scroll of identify
Potions
 d - a potion of might
 m - 2 potions of magic
 o - a potion of curing
 p - a potion of flight
Comestibles
 f - 2 rations
 g - a chunk of flesh


   Skills:
 - Level 3.2 Fighting
 - Level 2.0 Axes
 - Level 3.2 Armour
 * Level 6.0 Shields


You had 3 spell levels left.
You didn't know any spells.
Your spell library was empty.

Dungeon Overview and Level Annotations

Branches:
Dungeon (2/15)

Altars:

Annotations:
D:2 Natasha


Innate Abilities, Weirdness & Mutations

You cannot be hasted, slowed, berserked, paralysed or teleported.
You can dig through walls and to a lower floor.
Your four strong arms can wield two-handed weapons with a shield.
You have a pair of large antennae on your head. (SInv)


Message History

You hit Natasha.
Natasha is lightly wounded.
Natasha drinks a potion.
Natasha seems to speed up.
Natasha closely misses you.
You miss Natasha.
Natasha is lightly wounded.
Natasha zaps a wand.
The puff of flame hits you!
* * * LOW HITPOINT WARNING * * *
Natasha claws you but does no damage.
You feel better.
Natasha zaps a wand.
The puff of flame hits you!
* * * LOW HITPOINT WARNING * * *
You miss Natasha.
Natasha is lightly wounded.
Natasha zaps a wand.
The puff of flame hits you!
* * * LOW HITPOINT WARNING * * *
Natasha closely misses you. Natasha claws you but does no damage.
You miss Natasha.
Natasha is lightly wounded.
Natasha stares at you and mumbles some strange words.
The magic dart hits you!
You die...

........###..
#####.....####.#
##.##.# ..
#.##.#####.
#.##....##.
#..####.##. ##.
#.##.## .# .
#รท##h.# .#
#..##@# .#
##.##.##.#
#.)..#..#
###....#########
#......#.....##
##.............##
#...............#
#.....[.........#
#....)..........#


You could see Natasha.

Vanquished Creatures
  Natasha (D:2)
  An ooze (D:2)
  A dart slug (D:1)
  2 leopard geckos (D:1)
  A ball python (D:2)
  5 bats
  A giant cockroach (D:1)
  5 goblins
  6 hobgoblins
  4 frilled lizards
  4 kobolds
  6 rats
37 creatures vanquished.

Notes
Turn   | Place    | Note
-------+----------+-------------------------------------------
     0 | D:1      | chorionicmirror the Formicid Fighter began the quest for the Orb.
     0 | D:1      | Reached XP level 1. HP: 18/18 MP: 1/1
    22 | D:1      | Reached skill level 4 in Shields
    22 | D:1      | Reached XP level 2. HP: 24/24 MP: 2/2
   309 | D:1      | Reached XP level 3. HP: 29/29 MP: 3/3
   325 | D:1      | Reached skill level 5 in Shields
   674 | D:2      | Noticed Natasha
   688 | D:2      | Killed Natasha
   688 | D:2      | Reached skill level 6 in Shields
   688 | D:2      | Reached XP level 4. HP: 10/35 MP: 4/4
   864 | D:2      | Noticed Natasha
   871 | D:2      | Killed from afar by Natasha

Vault maps used:
D:1:      minmay_arrival_up_and_down
D:2:      lemuel_round_altar, overflow_temple_1_default, uniq_natasha

Skill      XL: |  1  2  3 |
---------------+----------+-----
Shields        | 4 6 |  6.0
Fighting       | |  3.2
Axes           | |  2.0
Armour         | |  3.2

Action                   |  1- 3 |  4- 6 || total
-------------------------+-------+-------++-------
Melee: War axe           |   103 |     7 ||   110
Throw: Tomahawk          |     2 |       ||     2
  Use: Scroll            |     7 |     1 ||     8
       Potion            |     3 |     1 ||     4
Armor: Scale mail        |    64 |     3 ||    67
Dodge: Dodged            |    38 |     6 ||    44
Block: Shield            |    70 |     3 ||    73

Table legend:
 A = Spawn XP
 B = Non-spawn XP
 C = Spawn XP percentage of total XP
 D = Spawn monster count
 E = Non-spawn monster count
 F = Spawn count percentage of total count
 G = Total turns spent on level
                    A         B        C        D         E        F      G
               +---------+---------+-------+---------+---------+-------+---------
         Total |       0 |     100 |   0.0 |       0 |      37 |   0.0 |   871
               +---------+---------+-------+---------+---------+-------+---------
           D:1 |       0 |      40 |   0.0 |       0 |      22 |   0.0 |   546
           D:2 |       0 |      60 |   0.0 |       0 |      15 |   0.0 |   325
               +---------+---------+-------+---------+---------+-------+---------
